 Dungeon Crawl Stone Soup version 0.26.1-2-gb8aa6d0cf2 (webtiles) character file.

Game seed: 10101727183939236358

406 vatarom the Insei (level 6, -1/51 HPs)
             Began as a Draconian Transmuter on Feb 15, 2021.
             Slain by a two-headed ogre
             ... wielding a +0 giant club
              (21 damage)
             ... on level 5 of the Dungeon.
             The game lasted 00:07:54 (5329 turns).

vatarom the Insei (Draconian Transmuter)            Turns: 5329, Time: 00:07:55

Health: -1/51      AC:  2    Str: 12    XL:     6   Next: 56%
Magic:  6/9        EV: 19    Int: 14    God:
Gold:   292        SH:  0    Dex: 18    Spells: 2/10 levels left

rFire    + . .     SeeInvis +     - Unarmed
rCold    . . .     Faith    .   (shield currently unavailable)
rNeg     . . .     Spirit   .   (armour unavailable)
rPois    x         Reflect  .   (helmet currently unavailable)
rElec    .         Harm     .   (cloak currently unavailable)
rCorr    .         Rampage  .   (gloves currently unavailable)
Will     .....                  (boots currently unavailable)
Stlth    ++........             (no amulet)
HPRegen  0.17/turn              i - ring of see invisible
MPRegen  0.11/turn              f - ring of protection from fire

@: spider-form
A: tiny, unfitting armour, AC +6
a: End Transformation


You were on level 5 of the Dungeon.
You were a venomous arachnid creature.
You visited 1 branch of the dungeon, and saw 5 of its levels.

You collected 292 gold pieces.

Inventory:

Missiles
 p - 32 stones
Armour
 l - a +1 pair of boots (melded)
 s - a +0 buckler
Jewellery
 f - a ring of protection from fire (right front leg)
 i - a ring of see invisible (left front leg)
Wands
 h - a wand of iceblast (10) {@v4}
Scrolls
 a - 4 scrolls of identify {@r1}
 c - 4 scrolls of remove curse {@r2}
 d - 2 scrolls of fog
 n - a scroll of amnesia
 o - 2 scrolls of enchant armour
Potions
 b - a potion of heal wounds {unknown}
 e - 3 potions of curing {@q1}
 g - a potion of might {@q4}
 j - 2 potions of flight
 q - a potion of degeneration {unknown}
 r - 2 potions of magic {unknown}


   Skills:
 + Level 3.2 Fighting
 - Level 1.7 Dodging
 + Level 4.6 Unarmed Combat
 + Level 2.5 Spellcasting
 * Level 4.4 Transmutations
 - Level 2.0 Poison Magic


You had 2 spell levels left.
You knew the following spells:

 Your Spells              Type           Power        Failure   Level
a - Beastly Appendage     Tmut           28%          12%         1
b - Spider Form           Tmut/Pois      5%           38%         3
c - Ice Form              Ice/Tmut       8%           83%         4

Your spell library contained the following spells:

 Spells                   Type           Power        Failure   Level
 Wereblood                Tmut           14%          16%         2
 Blade Hands              Tmut           7%           86%         5


Dungeon Overview and Level Annotations

Branches:
Dungeon (5/15)
 Temple: D:4-7

Altars:
Qazlal

Shops:
D:4 }


Innate Abilities, Weirdness & Mutations

((Your plain brown scales are hard. (AC +6)))
You cannot fit into any form of body armour.
((You are cold-blooded and may be slowed by cold attacks.))


Message History

You turn into a venomous arachnid creature.
Your +1 pair of boots melds into your body.
You climb downwards.
You hear the sound of rushing water.
There is an entrance to a sewer on this level.
Hurry and find it before the portal rusts away!
You hear the brisk rusting of a drain nearby.
The two-headed ogre hits you with a +0 giant club. x2
There is a stone staircase leading up here.
You hit the two-headed ogre.
The two-headed ogre is lightly wounded.
The two-headed ogre hits you with a +0 giant club!!
The two-headed ogre closely misses you.
You are too injured to fight recklessly!
You hit the two-headed ogre.
The two-headed ogre is poisoned.
The two-headed ogre is lightly wounded.
You hit the two-headed ogre.
The two-headed ogre looks as sick as possible!
The two-headed ogre is moderately wounded.
The two-headed ogre hits you with a +0 giant club!!
You die...

#....... ##.....##
#.......#
#.......#
#.......#
##.....##
####..>##
#.......########..
#.......Os[......#
#......[##########
#.......#
#.......#
#.......#
#########


You could see a two-headed ogre (extremely poisoned).

Vanquished Creatures
  A phantom (D:4)
  An iguana (D:4)
  Jessica (D:3)
  Terence (D:2)
  A worker ant (D:5)
  3 gnolls
  10 adders
  A white imp (D:4)
  An ooze (D:2)
  3 worms (D:2)
  A dart slug (D:1)
  A leopard gecko (D:4)
  An orc (D:4)
  5 bats
  6 giant cockroaches
  8 hobgoblins
  4 jackals (D:2)
  4 kobolds
  3 quokkas
  8 ball pythons
  4 frilled lizards
  6 goblins
  A leopard gecko skeleton (D:4)
  A quokka skeleton (D:4)
  6 rats
82 creatures vanquished.

Notes
Turn   | Place    | Note
-------+----------+-------------------------------------------
     0 | D:1      | vatarom the Draconian Transmuter began the quest for the
                  | Orb.
     0 | D:1      | Reached XP level 1. HP: 16/16 MP: 3/3
   474 | D:1      | Reached XP level 2. HP: 23/23 MP: 3/5
  1118 | D:2      | Reached XP level 3. HP: 29/29 MP: 3/6
  1122 | D:2      | Learned a level 3 spell: Spider Form
  1436 | D:2      | Noticed Terence
  1459 | D:2      | Killed Terence
  1460 | D:2      | Reached XP level 4. HP: 21/36 MP: 0/7
  1720 | D:2      | Reached skill level 1 in Poison Magic
  2138 | D:3      | Noticed Jessica
  2147 | D:3      | Killed Jessica
  2276 | D:3      | Reached XP level 5. HP: 35/42 MP: 8/8
  2623 | D:3      | Learned a level 4 spell: Ice Form
  3121 | D:3      | Found a faded altar of an unknown god.
  3675 | D:4      | Found Araderyff's Gadget Boutique.
  3929 | D:4      | Noticed a phantom
  3962 | D:4      | Killed a phantom
  3963 | D:4      | Reached XP level 6. HP: 49/51 MP: 1/9
  4704 | D:4      | Found a stormy altar of Qazlal.
  4880 | D:5      | Entered Level 5 of the Dungeon
  5054 | D:5      | Noticed a two-headed ogre
  5329 | D:5      | Slain by a two-headed ogre

Illustrated notes

Levels and vault maps discovered:
D:1:      ncdulo_smallfort, layout_basic, minmay_misc_feat_columns,
          grunt_decor_resistance
D:2:      layout_loops_ring, uniq_terence
D:3:      layout_basic, chequers_ecumenical_altar_twisty, minmay_snake_closets,
          uniq_jessica
D:4:      layout_cave_pods, grunt_qazlal_clouds, serial_shops, shop,
          minmay_misc_feat_diagonals
D:5:      layout_rooms, kennysheep_mini, temple_green, gup_sewer_entry_spiral,
          serial_shops, shop, kennysheep_generic_room_5, uniq_menkaure

Skill      XL: |  1  2  3  4  5 |
---------------+----------------+-----
Fighting       | 2 3 |  3.2
Transmutations | 3 4 |  4.4
Poison Magic   | 1 2 |  2.0
Unarmed Combat | 4 |  4.6
Dodging        | |  1.7
Spellcasting   | |  2.5

Action                   |  1- 3 |  4- 6 || total
-------------------------+-------+-------++-------
Melee: Unarmed           |    92 |   198 ||   290
       Kick              |    15 |    32 ||    47
       Tailslap          |     7 |    15 ||    22
       Headbutt          |     9 |    20 ||    29
       Punch             |       |     1 ||     1
 Cast: Beastly Appendage |    21 |    37 ||    58
       Spider Form       |     1 |     1 ||     2
       Ice Form          |       |     1 ||     1
  Use: Potion            |       |     5 ||     5
       Scroll            |       |     6 ||     6
Armor: Skin              |    32 |    58 ||    90
Dodge: Dodged            |    55 |   121 ||   176
